[Event "45th FIDE Olympiad 2024"]
[Site "Budapest"]
[Date "2024.09.11"]
[Round "1.101"]
[White "Demchenko, Anton"]
[Black "Pg, Md Omar Ak Hafizon"]
[Result "1-0"]
[ECO "B43"]
[WhiteElo "2597"]
[BlackElo "2159"]
[Annotator "TA"]
[PlyCount "65"]
[EventDate "2024.09.05"]
[EventType "team-tourn"]
[EventCountry "HUN"]
[SourceTitle "playchess.com"]
[Source "ChessBase"]
[SourceQuality "1"]
[WhiteTeam "Slovenia"]
[BlackTeam "Brunei Darussalam"]
[WhiteTeamCountry "SLO"]
[TimeControl "40/5400+30:1800+30"]

1. e4 c5 2. Nf3 e6 3. d4 cxd4 4. Nxd4 a6 5. a3 Nf6 6. Nc3 Qc7 7. f4 d6 8. g4 Nc6 (8... e5 $11 {remains equal.} 9. Nf5 h5) 9. g5 $16 Nd7 {White is better.} 10. Be3 b5 11. Nxc6 Qxc6 12. Qd4 Rb8 13. Be2 Qb6 14. Qd2 {White has more active pieces.} Qb7 15. h4 Nc5 16. Bf3 b4 17. axb4 Qxb4 18. O-O Bb7 ({Black should play} 18... Be7 $14) 19. Bd4 h6 20. Qf2 (20. g6 $16) 20... hxg5 $14 21. fxg5 {[%cal Of3h5] Bh5! would now be deadly.} f6 $2 ({Don't play} 21... Rxh4 22. Na2 (22. Qxh4 Qxd4+ 23. Rf2 Nd7 $11) 22... Qc4 23. Be2 $16 (23. Qxh4 Qxd4+ 24. Rf2 Nxe4 $17) (23. Qxh4 Qxd4+ 24. Rf2 Nxe4 $17)) (21... Be7 $1 $14) 22. gxf6 $18 gxf6 23. Bxf6 Rg8+ {[#]} 24. Bg5 $2 (24. Kh2 $1 $18) 24... Be7 {[#]} (24... Bg7 $1 $14 25. Rad1 Kd7) 25. Bg2 $1 $36 {[%mdl 2048] Hoping for Qf7+. White is really pushing.} Rxg5 $2 (25... Rf8 $16 26. Qe3 Rg8) 26. hxg5 $18 Kd7 27. Qe3 Rg8 28. Rf7 Ke8 $2 (28... Kd8 {was called for.}) 29. Raf1 {Threatens to win with Qf2. White is clearly winning.} Bxg5 30. Qf2 Bh6 {Prevents Rf8+} (30... Nd7 $142 31. Rxd7 (31. Re7+ Bxe7 32. Qf7+ Kd8 $18) 31... Be3 32. Qxe3 Kxd7 33. Rf7+ Kc8) 31. Qf6 Bg5 32. Re7+ (32. Rf8+ $142 Kd7 33. Qf7+ Kc6 34. Rxg8 (34. Qxg8 Bd2 $18)) 32... Kd8 33. Rxb7+ {Weighted Error Value: White=0.36/Black=0.46.  Loses game:     	---       	Black=1      Mistake:       	White=2     	Black=6      Inaccurate:     	White=2     	Black=3      OK:         	White=8     	Black=6      Best:        	White=3     	Black=3      Strong:       	White=1     	---} 1-0

[Event "45th FIDE Olympiad 2024"]
[Site "Budapest"]
[Date "2024.09.11"]
[Round "1.102"]
[White "Yee, Soon Wei"]
[Black "Subelj, Jan"]
[Result "0-1"]
[ECO "B11"]
[WhiteElo "2219"]
[BlackElo "2498"]
[Annotator "RC"]
[PlyCount "33"]
[EventDate "2024.09.05"]
[EventType "team-tourn"]
[EventCountry "HUN"]
[SourceTitle "playchess.com"]
[Source "ChessBase"]
[SourceQuality "1"]
[WhiteTeam "Brunei Darussalam"]
[BlackTeam "Slovenia"]
[BlackTeamCountry "SLO"]
[TimeControl "40/5400+30:1800+30"]

1. e4 c6 2. Nc3 d5 3. Nf3 Bg4 4. h3 Bxf3 5. Qxf3 e6 6. d4 Nf6 7. Bd3 dxe4 8. Nxe4 Qxd4 9. c3 Qd8 10. Bg5 Be7 11. Bxf6 gxf6 12. O-O-O Nd7 13. Qh5 Qc7 14. Rhe1 f5 15. Bc4 fxe4 16. Bxe6 Qf4+ 17. Kb1 0-1

[Event "45th FIDE Olympiad 2024"]
[Site "Budapest"]
[Date "2024.09.11"]
[Round "1.103"]
[White "Sebenik, Matej"]
[Black "Lim Teck Guan, Rodney"]
[Result "1-0"]
[ECO "C02"]
[WhiteElo "2515"]
[BlackElo "1931"]
[Annotator "TA"]
[PlyCount "63"]
[EventDate "2024.09.05"]
[EventType "team-tourn"]
[EventCountry "HUN"]
[SourceTitle "playchess.com"]
[Source "ChessBase"]
[SourceQuality "1"]
[WhiteTeam "Slovenia"]
[BlackTeam "Brunei Darussalam"]
[WhiteTeamCountry "SLO"]
[TimeControl "40/5400+30:1800+30"]

1. e4 e6 2. d4 d5 3. e5 c5 4. c3 Nc6 5. Nf3 Nge7 6. Na3 Nf5 7. Nc2 Qb6 8. Bd3 Bd7 ({Better is} 8... cxd4 $11 9. cxd4 Bd7) 9. dxc5 $14 {White is slightly better.} Bxc5 10. O-O g6 11. Bg5 h6 (11... Be7 $16) 12. Bf6 $18 Rh7 {[#]} 13. g4 $1 Ng7 14. Qd2 {Strongly threatening h4.} Kf8 15. h4 {And now b4 would win.} h5 $2 (15... Ne8 {is a better chance.}) 16. g5 $2 (16. Ng5 $18 {has better winning chances.} Kg8 17. Nxh7 Kxh7 18. Rac1) 16... Nf5 {A mistake that costs the game.} (16... a5 $16) 17. Bxf5 exf5 (17... gxf5 $142 18. b4 Be7) 18. b4 ({Less strong is} 18. Qxd5 Be6 19. Qd2 Be7 $18) 18... Be7 19. Ne3 ({Don't do} 19. Qxd5 $6 Be6 20. Qd3 Rd8 $18) 19... Be6 20. Nxd5 Rd8 $2 (20... Qd8) 21. Nxb6 {A dynamic duo of knights.} Rxd2 22. Nxd2 axb6 23. f4 Ke8 24. Rfd1 Kd7 25. b5 Bc5+ 26. Kh2 Ne7 27. Ne4+ Kc7 28. Nxc5 bxc5 29. Bxe7 Rh8 30. Bxc5 Ra8 31. Rd6 {[#] Threatening mate with b6+.} Bd7 32. a4 {Weighted Error Value: White=0.31/Black=0.80.  Missed win:     	White=1     	---        Mistake:       	---       	Black=6      Inaccurate:     	---       	Black=1      OK:         	White=8     	Black=6      Best:        	White=2     	Black=1      Strong:       	White=1     	---} 1-0

[Event "45th FIDE Olympiad 2024"]
[Site "Budapest"]
[Date "2024.09.11"]
[Round "1.104"]
[White "Pg. Shahridin, Ak. Abdul Wafie"]
[Black "Lavrencic, Matic"]
[Result "0-1"]
[ECO "D00"]
[WhiteElo "1912"]
[BlackElo "2360"]
[Annotator "ChessBase"]
[PlyCount "77"]
[EventDate "2024.09.05"]
[EventType "team-tourn"]
[EventCountry "HUN"]
[SourceTitle "playchess.com"]
[Source "ChessBase"]
[SourceQuality "1"]
[WhiteTeam "Brunei Darussalam"]
[BlackTeam "Slovenia"]
[BlackTeamCountry "SLO"]
[TimeControl "40/5400+30:1800+30"]

1. d4 Nf6 2. Nc3 d5 3. Bf4 a6 4. e3 e6 5. Nf3 c5 6. dxc5 Bxc5 7. Bd3 Nc6 8. h3 O-O 9. O-O h6 10. a3 Re8 11. e4 d4 12. Ne2 e5 13. Bd2 Be6 14. Qc1 Rc8 15. Ng3 Bf8 16. Nh2 Nd7 17. Qd1 Nc5 18. b4 Na4 19. f4 exf4 20. Bxf4 Bd6 21. Qh5 Bxf4 22. Rxf4 Qg5 23. Qf3 Ne5 24. Qf2 Nb2 25. h4 Qd8 26. Qe2 Rc3 27. Raf1 Nbxd3 28. cxd3 Nxd3 29. Rf6 Nc1 30. Qd2 Rxg3 31. Qxc1 gxf6 32. Qxh6 d3 33. Nf3 Rg6 34. Qf4 Bg4 35. Nd2 Qd4+ 36. Kh1 Be2 37. Rc1 Rg4 38. Qh6 Qf2 39. Rg1 0-1

[Event "45th FIDE Olympiad 2024"]
[Site "Budapest"]
[Date "2024.09.11"]
[Round "1.105"]
[White "Mfune, Petros"]
[Black "Brkic, Ante"]
[Result "0-1"]
[ECO "B92"]
[WhiteElo "1986"]
[BlackElo "2642"]
[Annotator "TA"]
[PlyCount "106"]
[EventDate "2024.09.05"]
[EventType "team-tourn"]
[EventCountry "HUN"]
[SourceTitle "playchess.com"]
[Source "ChessBase"]
[SourceQuality "1"]
[WhiteTeam "Malawi"]
[BlackTeam "Croatia"]
[WhiteTeamCountry "MWI"]
[BlackTeamCountry "CRO"]
[TimeControl "40/5400+30:1800+30"]

1. e4 c5 2. Nf3 d6 3. d4 cxd4 4. Nxd4 Nf6 5. Nc3 a6 6. Be3 e5 7. Nb3 Be7 8. Be2 Be6 9. O-O O-O 10. Nd5 Nbd7 11. Nxe7+ Qxe7 12. Bf3 Rfd8 13. Qe2 {The position is equal.} Rac8 14. Rfd1 h6 15. Qd2 Nf8 16. Bb6 Rd7 17. Rac1 Ng6 18. g3 {Against Nh4} d5 19. exd5 Bxd5 20. Bxd5 Rxd5 ({Better is} 20... Nxd5 $17 21. Ba5 Ngf4) 21. Qe2 $11 Qe6 22. Rxd5 Nxd5 23. Ba5 Qf5 24. c4 ({White should play} 24. f3 $15) 24... Nf6 ({Black should try} 24... Ngf4 $17 25. Qf1 (25. gxf4 Nxf4 26. Qf3 e4 $19) 25... Nh3+ 26. Kg2 Qe4+ (26... Ndf4+ 27. gxf4 Qg4+ 28. Kh1 $11) 27. f3 (27. Kxh3 Nf4+ 28. gxf4 Qf3+ 29. Kh4 Qxf4+ 30. Kh3 Qf3+ 31. Kh4 g5#) 27... Ne3+ (27... Nhf4+ $2 28. Kh1 $18) 28. Kh1 (28. Kxh3 $2 Qg6 $19) 28... Qf5) 25. f3 (25. Nd2 $11) 25... h5 $15 26. Nd2 h4 {Strongly threatening ...hxg3.} 27. Ne4 (27. Re1 $15) 27... hxg3 28. Nxf6+ (28. hxg3 $17 Nxe4 29. Qxe4) 28... Qxf6 $2 (28... gxf6 $19 {is more deadly.} 29. hxg3 e4) 29. hxg3 $17 Qg5 30. Qe1 Nh4 31. Kf2 {[%cal Oa5d2] Threatens to win with Bd2!} Nf5 $36 {[%cal Bh4f5,Bf5d4,Bd4f3][%mdl 2080] Keeping White busy. Black is more active.} 32. g4 Nd4 {Hoping for ...Qf4.} 33. Qe3 {[#]} Nxf3 {White is on the road to losing.} 34. Qxg5 (34. Kxf3 e4+ 35. Ke2 Qxa5 36. Qxe4 g6 $17 (36... Qxa2 37. Qxb7 Re8+ 38. Kd3 $11)) (34. Rc3 Nd2) 34... Nxg5 {[%mdl 4096] Endgame. KRB-KRN} 35. b3 Kf8 36. Ke3 Ke8 37. Rh1 f6 38. Rh8+ Kd7 39. Rxc8 (39. Rh1 $17) 39... Kxc8 {KB-KN} 40. Be1 Kd7 41. Bh4 Nf7 42. Ke4 $2 (42. a4) 42... Ke6 $19 43. Be1 g6 44. Bh4 (44. Kf3 $142) 44... f5+ 45. gxf5+ gxf5+ 46. Kd3 (46. Kf3 $142) 46... f4 47. c5 Kd5 48. Be7 e4+ 49. Ke2 e3 {[#] ( -> ...Ne5)} 50. b4 Ke4 {Black mates.} 51. a4 f3+ 52. Ke1 Ne5 53. Kf1 e2+ {Weighted Error Value: White=0.72/Black=0.16 (very precise) .  Mistake:       	White=7     	Black=3      Inaccurate:     	White=6     	Black=1      OK:         	White=12    	Black=13     Best:        	---       	Black=5} 0-1

[Event "45th FIDE Olympiad 2024"]
[Site "Budapest"]
[Date "2024.09.11"]
[Round "1.106"]
[White "Martinovic, Sasa"]
[Black "Mwale, Joseph"]
[Result "1-0"]
[ECO "E49"]
[WhiteElo "2563"]
[BlackElo "2063"]
[Annotator "TA"]
[PlyCount "141"]
[EventDate "2024.09.05"]
[EventType "team-tourn"]
[EventCountry "HUN"]
[SourceTitle "playchess.com"]
[Source "ChessBase"]
[SourceQuality "1"]
[WhiteTeam "Croatia"]
[BlackTeam "Malawi"]
[WhiteTeamCountry "CRO"]
[BlackTeamCountry "MWI"]
[TimeControl "40/5400+30:1800+30"]

1. d4 e6 2. c4 Nf6 3. Nc3 Bb4 4. e3 d5 5. a3 Bxc3+ 6. bxc3 c5 7. cxd5 exd5 8. Bd3 Nc6 9. Ne2 O-O 10. f3 Re8 11. O-O Rb8 {E49: Nimzo-Indian: Rubinstein: 5 Bd3 d5 6 a3 Bxc3+ 7 bxc3.} 12. Nf4 $146 ({Predecessor:} 12. Ng3 h5 13. Ra2 b5 14. Raf2 a5 15. h3 b4 16. axb4 axb4 17. cxb4 c4 18. Bb1 Nxb4 19. e4 {1-0 Bordignon,A (2044)-Deepan Chakkravarthy,J (2435) Forni di Sopra op 14th 2023 (1)}) 12... b5 13. g4 a5 14. h4 b4 15. axb4 axb4 16. g5 Nd7 17. Nxd5 bxc3 18. Be4 Nf8 19. dxc5 Bh3 20. Rf2 Ne6 21. Nxc3 Nxc5 22. Qxd8 ({White should play} 22. Bxc6 $18 Qc7 23. Bxe8 (23. Rh2 Qxc6 24. Rxh3 Nb3 $16) 23... Qg3+ 24. Kh1 Qxf2) 22... Nxd8 $16 23. Rb2 Rxb2 (23... Rc8 $16 {keeps fighting.} 24. Ra8 Rxa8 25. Bxa8 Nd3) 24. Bxb2 $18 Nxe4 25. Nxe4 (25. fxe4 Ne6 $16) 25... Nc6 26. Kf2 Nb4 27. Bc3 Nd5 28. Bd4 Rc8 29. Ra7 Rc7 30. Ra5 Ne7 31. Nd6 Bd7 32. e4 Nc8 33. Ra8 h6 34. gxh6 gxh6 35. f4 Kh7 $2 (35... Rc6 {was called for.}) 36. f5 $18 (36. Nxf7 Bc6 $18) 36... Kg8 (36... Rc2+ 37. Ke3 Rc7 38. Be5 $18 (38. Nxf7 Bxf5 39. exf5 Rxf7 $18)) 37. Ke3 Kf8 38. Bf6 Rc6 39. e5 Rc1 40. Rb8 Rc7 (40... Rc2 {was necessary.} 41. Kf3 Kg8) 41. Kf4 Kg8 42. Kg4 Kh7 43. Kh5 $2 (43. Nxf7 Rc4+ 44. Kg3 (44. Kh5 Be8 $11) 44... Bxf5 $18) (43. Kg3 $18) 43... Ba4 $11 44. Kg4 $2 (44. Nxc8 $2 Bd1#) (44. Rb1 $11 Nxd6 45. exd6) 44... Bd7 $18 45. h5 (45. Nxf7 Rc4+ 46. Kg3 (46. Kh5 Be8 $11) 46... Bxf5 $18) 45... Kg8 46. Kf4 Kf8 47. Ke4 Rc1 48. Kd4 Rd1+ 49. Ke3 Rc1 50. Kd2 Rc7 $2 (50... Rc5 {might work better.} 51. Ke3 Rc3+ 52. Kd4 Rc1) 51. Kd3 $18 Rc1 52. Rb7 Nxd6 (52... Rd1+ $142 53. Ke2 Rxd6) 53. Rxd7 $18 Ne8 54. Be7+ Kg8 55. Ra7 (55. Rd8 $142 Rd1+ 56. Ke4 Rxd8 57. Bxd8) 55... Rc8 (55... Re1 {is a better defense.}) 56. Ra1 $2 (56. Ba3 $18) 56... Ng7 $14 57. Ke4 Nxh5 58. f6 ({Better is} 58. Rg1+ $14 Kh7 59. e6 fxe6 60. f6 (60. fxe6 Re8 $11) 60... Nxf6+ 61. Bxf6) 58... Ng3+ (58... Rc4+ $11 59. Kd5 Rg4) 59. Kf4 $14 Ne2+ 60. Ke3 Nc3 $1 61. Kd4 (61. Rg1+ $14 Kh8 62. Rf1) 61... Nb5+ (61... Ne2+ $1 $11 62. Ke3 Nc3) 62. Ke4 (62. Kd3 $5 Rc3+ $8 63. Ke4 $11) 62... Nc3+ 63. Kf5 Nd5 $2 {[%mdl 8192] [#]} (63... Nb5 $16) 64. Rg1+ $1 $18 Kh8 65. e6 fxe6+ 66. Kxe6 Nf4+ 67. Kd7 Ra8 68. f7 Ra7+ 69. Kd6 Ra6+ 70. Ke5 Ne6 71. Rg6 ({Less strong is} 71. f8=R+ Nxf8 72. Bxf8 Ra8 $16) 1-0

[Event "45th FIDE Olympiad 2024"]
[Site "Budapest"]
[Date "2024.09.11"]
[Round "1.107"]
[White "Chipanga, Chiletso"]
[Black "Livaic, Leon"]
[Result "0-1"]
[ECO "B22"]
[WhiteElo "2089"]
[BlackElo "2550"]
[Annotator "TA"]
[PlyCount "94"]
[EventDate "2024.09.05"]
[EventType "team-tourn"]
[EventCountry "HUN"]
[SourceTitle "playchess.com"]
[Source "ChessBase"]
[SourceQuality "1"]
[WhiteTeam "Malawi"]
[BlackTeam "Croatia"]
[WhiteTeamCountry "MWI"]
[BlackTeamCountry "CRO"]
[TimeControl "40/5400+30:1800+30"]

1. e4 c5 2. Nf3 Nc6 3. c3 Nf6 4. e5 Nd5 5. Bc4 Nb6 6. Bb3 c4 7. Bc2 d5 {B22: Sicilian: 2 c3.} 8. h3 ({Better is} 8. exd6 $11 e5 9. O-O) 8... Qc7 9. Qe2 Nd7 10. e6 fxe6 11. O-O e5 $146 ({Predecessor:} 11... g6 12. b3 cxb3 13. axb3 e5 14. Na3 Bg7 15. Nb5 Qb8 16. Ng5 Nf6 17. d4 e4 18. f3 h6 19. fxe4 hxg5 {½-½ Shashikant,K (2300)-Konguvel,P (2384) IND-chA 49th 2011 (6)}) 12. b3 cxb3 13. axb3 e4 14. Ne1 Nf6 15. d3 e5 16. dxe4 d4 $2 (16... Nxe4 $11 {and Black is okay.} 17. Nf3 Be7) 17. f4 $2 (17. Nf3 $18) 17... dxc3 $1 $11 18. fxe5 Nxe5 19. Bf4 Bd6 20. Kh1 (20. Nf3 $15) 20... O-O $17 21. Nf3 Nh5 22. Bh2 Nxf3 23. Rxf3 Rxf3 24. Qxf3 Bxh2 25. Qxh5 Qe5 ({Black should play} 25... Be6 {Threatens to win with ...g6.} 26. e5 g6 (26... Qxe5 27. Qxh7+ Kf7 28. Nxc3 $11) 27. Bxg6 Qg7 (27... hxg6 28. Qxg6+ Kf8 29. Qf6+ Qf7 30. Qh8+ Qg8 31. Qf6+ Qf7 32. Qh8+ Qg8 33. Qf6+ Qf7 $11) (27... Bxe5 28. Bxh7+ Kf8 29. Na3 $11) 28. Kxh2 hxg6 (28... Qxg6 29. Qxg6+ hxg6 30. Nxc3 $11)) 26. Qe2 $2 (26. Ra5 $17 Qxh5 27. Rxh5) 26... Be6 $19 27. Na3 Bf4 28. Nc4 $2 (28. Bd3) 28... Qg5 $19 29. Qf3 Rf8 30. Rf1 Bd6 31. Qe2 Rxf1+ 32. Qxf1 Bc7 33. Qd3 b5 34. Ne3 Qe5 35. Nf1 a5 36. Kg1 Bb6+ 37. Kh1 Qd4 38. Qxd4 Bxd4 39. Ng3 b4 40. Ne2 Be3 41. Bd1 a4 42. bxa4 Bc4 43. Nxc3 bxc3 44. Bc2 Kf7 45. Kh2 Ke6 46. Kg3 Be2 (46... Ke5 $142 47. a5 Bc5 48. h4 Bb4 49. h5 Bxa5 50. Kf2 Kd4 51. e5 Bd3 (51... Kxe5 52. Bxh7 Kd4 53. Bc2 $19) 52. Bb3 Kxe5 53. Bd1 c2 (53... Bb6+ $2 54. Ke1 $19) 54. Bxc2 Bxc2 55. Kf3 Bb6 56. Ke2 Be4 57. g3 Kf5 58. Kd2 Bd4 59. Ke1 Kg4 60. Kf1 Kxh5 (60... Kxg3 {leads to mate.} 61. Ke1 g5 62. hxg6 Bc3+ 63. Kd1 Bxg6 64. Kc1 h5 65. Kd1 h4 66. Ke2 h3 67. Kf1 Bd3+ 68. Kg1 h2+ 69. Kh1 Be4#) 61. Ke1 Kg4 62. Ke2 Kxg3 63. Kd2 h5 64. Ke1 h4 65. Kd1 h3 66. Kd2 h2 67. Kd1 Bc3 (67... h1=R+ {gets mated.} 68. Kd2 Rg1 69. Ke2 Bc3 70. Ke3 Re1#) 68. Ke2 h1=Q 69. Ke3 Qf3#) 47. a5 Ke5 0-1

[Event "45th FIDE Olympiad 2024"]
[Site "Budapest"]
[Date "2024.09.11"]
[Round "1.108"]
[White "Stevic, Hrvoje"]
[Black "Mwale, George"]
[Result "1-0"]
[ECO "B18"]
[WhiteElo "2531"]
[BlackElo "2056"]
[Annotator "TA"]
[PlyCount "75"]
[EventDate "2024.09.05"]
[EventType "team-tourn"]
[EventCountry "HUN"]
[SourceTitle "playchess.com"]
[Source "ChessBase"]
[SourceQuality "1"]
[WhiteTeam "Croatia"]
[BlackTeam "Malawi"]
[WhiteTeamCountry "CRO"]
[BlackTeamCountry "MWI"]
[TimeControl "40/5400+30:1800+30"]

1. e4 c6 2. d4 d5 3. Nc3 dxe4 4. Nxe4 Bf5 5. Ng3 Bg6 6. Nh3 Nf6 7. Nf4 e6 8. h4 Bd6 9. h5 Bf5 10. Nxf5 {White is slightly better.} Qa5+ 11. Bd2 Qxf5 12. Bd3 Qg4 13. Be2 Qf5 14. Bd3 Qg4 15. Qxg4 Nxg4 16. f3 Nf6 17. O-O-O Nbd7 18. g4 O-O-O 19. h6 g6 20. Nh3 Rdf8 21. Rhe1 b5 22. c3 {White is more active.} Nd5 23. Kc2 Re8 24. Ng5 Re7 {[#]} 25. a4 $1 a6 (25... bxa4 26. Ra1) 26. axb5 axb5 27. Ra1 Kb7 28. Ra2 Bb8 {[#]} (28... e5 $16) 29. b3 $1 $18 {And now c4 would win.} Nc7 $2 (29... f6) 30. c4 Ba7 $2 (30... Nf6 31. Bc3 Rd8) 31. Bb4 c5 32. Be4+ Kb8 (32... Kc8 $142 33. Ba5 (33. Rxa7 cxb4 34. d5 exd5 $18) 33... Bb8 34. dxc5 Nxc5) 33. Rea1 {White is clearly winning.} cxb4 34. Rxa7 Rd8 {Black is weak on the light squares} 35. Rb7+ Kc8 36. Raa7 Nf6 37. Bc6 {[%cal Ob7c7] White wants to mate with Rxc7+!} Nfe8 38. cxb5 {Weighted Error Value: White=0.12 (very precise) /Black=0.37.  Mistake:       	---       	Black=4      Inaccurate:     	---       	Black=3      OK:         	White=8     	Black=8      Best:        	White=3     	---} 1-0

[Event "45th FIDE Olympiad 2024"]
[Site "Budapest"]
[Date "2024.09.11"]
[Round "1.109"]
[White "Vocaturo, Daniele"]
[Black "Van Bemmelen, Ursus"]
[Result "1-0"]
[ECO "C02"]
[WhiteElo "2600"]
[BlackElo "2146"]
[Annotator "TA"]
[PlyCount "43"]
[EventDate "2024.09.05"]
[EventType "team-tourn"]
[EventCountry "HUN"]
[SourceTitle "playchess.com"]
[Source "ChessBase"]
[SourceQuality "1"]
[WhiteTeam "Italy"]
[BlackTeam "Netherlands Antilles"]
[WhiteTeamCountry "ITA"]
[BlackTeamCountry "AHO"]
[TimeControl "40/5400+30:1800+30"]

1. e4 e6 2. d4 d5 3. e5 c5 4. c3 Qb6 5. Nf3 Bd7 6. Be2 Bb5 7. Bxb5+ Qxb5 8. Na3 Qd7 9. Nc2 Nc6 {The position is equal.} 10. O-O cxd4 11. cxd4 Nge7 12. Qd3 h5 13. Bg5 Nf5 14. Ne3 Be7 ({Better is} 14... Nxe3 $14 15. fxe3 Be7) 15. Nxf5 $16 exf5 16. Bxe7 Nxe7 17. Ng5 Rh6 18. h4 {White has more active pieces.} Rb6 (18... Rc8 $16) 19. Rfe1 $18 Rc8 (19... f6 $142) 20. Qe2 g6 (20... Rh6 {is a better defense.} 21. e6 fxe6 22. Nxe6 Kf7) 21. e6 fxe6 22. Qe5 {Weighted Error Value: White=0.05 (flawless) /Black=0.32.  Mistake:       	---       	Black=4      OK:         	White=7     	Black=2      Best:        	White=2     	---} ({Don't do} 22. Nxe6 Qd6 23. Qe3 Rcc6 $18) 1-0

[Event "45th FIDE Olympiad 2024"]
[Site "Budapest"]
[Date "2024.09.11"]
[Round "1.110"]
[White "Capella, Rurik"]
[Black "Lodici, Lorenzo"]
[Result "1-0"]
[ECO "B50"]
[WhiteElo "1971"]
[BlackElo "2556"]
[Annotator "TA"]
[PlyCount "60"]
[EventDate "2024.09.05"]
[EventType "team-tourn"]
[EventCountry "HUN"]
[SourceTitle "playchess.com"]
[Source "ChessBase"]
[SourceQuality "1"]
[WhiteTeam "Netherlands Antilles"]
[BlackTeam "Italy"]
[WhiteTeamCountry "AHO"]
[BlackTeamCountry "ITA"]
[TimeControl "40/5400+30:1800+30"]

1. e4 c5 2. Nf3 d6 3. c3 Nf6 4. h3 g6 5. Bd3 Bg7 6. Bc2 b5 7. O-O Bb7 8. Re1 Nc6 {The position is equal.} 9. Qe2 a6 10. a4 b4 11. d4 bxc3 12. e5 (12. bxc3 $11 cxd4 13. cxd4) 12... dxe5 13. dxe5 cxb2 $1 14. Bxb2 Nd5 15. Nc3 {[#] Strongly threatening Nxd5.} Nxc3 16. Bxc3 O-O 17. Qc4 {Against Nb4} (17. Be4 $11 {remains equal.}) 17... Rc8 ({Better is} 17... Nb4 $17 18. Be4 Bxe4 19. Qxe4 Rb8) 18. Be4 $11 Rc7 19. Rab1 {[%cal Ob1b7] [#] And now Rxb7! would win.} (19. Qxc5 $2 Nxe5 $19) 19... Qc8 20. Rb6 (20. Qxc5 $2 {perishes.} Nxe5 $19) (20. e6 $5 Qxe6 21. Qxe6 fxe6 22. Rxb7 Rxb7 23. Bxg7 (23. Bxc6 Bxc3 24. Bxb7 Bxe1 $11) 23... Kxg7 24. Bxc6 $11) 20... Nb8 $2 (20... Nd4 $11 {and Black has nothing to worry.} 21. Nd2 (21. Rxb7 Nxf3+ 22. Bxf3 Rxb7 $11) 21... Bxe4 (21... Bxe5 $2 {too greedy.} 22. Bxb7 Rxb7 23. Rxb7 $18) 22. Rxe4 Ra7) 21. Reb1 $2 (21. e6 $18 f6 22. Bxb7 Rxb7 23. a5) 21... Bxe4 22. Rxb8 Qf5 $36 {[%mdl 2048] Black has good play.} 23. Nh4 {Chess con chili.} Bd3 24. Qd5 (24. Rxf8+ $15 Bxf8 25. Nxf5 Bxc4 26. Ne3) 24... Qe4 $17 25. Rxf8+ Bxf8 {This pair of bishops is nice.} 26. Qd8 (26. Qxe4 $17 Bxe4 27. Rb8) 26... Bxb1 $19 {Black is clearly winning.} 27. e6 fxe6 28. Qxc7 Qxh4 29. Qxc5 Qxa4 30. Qe5 Qd1+ {[%mdl 32768] Weighted Error Value: White=0.61/Black=0.30.  Loses game:     	White=1     	Black=1      Missed win:     	White=1     	---        Mistake:       	White=3     	Black=1      Inaccurate:     	White=2     	Black=1      OK:         	White=5     	Black=8      Best:        	White=1     	Black=2      Strong:       	---       	Black=1     . Loss on time!?} 1-0

[Event "45th FIDE Olympiad 2024"]
[Site "Budapest"]
[Date "2024.09.11"]
[Round "1.111"]
[White "Moroni, Luca Jr"]
[Black "Van Opstal, Rurik"]
[Result "1-0"]
[ECO "A25"]
[WhiteElo "2558"]
[BlackElo "2006"]
[Annotator "TA"]
[PlyCount "57"]
[EventDate "2024.09.05"]
[EventType "team-tourn"]
[EventCountry "HUN"]
[SourceTitle "playchess.com"]
[Source "ChessBase"]
[SourceQuality "1"]
[WhiteTeam "Italy"]
[BlackTeam "Netherlands Antilles"]
[WhiteTeamCountry "ITA"]
[BlackTeamCountry "AHO"]
[TimeControl "40/5400+30:1800+30"]

1. c4 e5 2. Nc3 Nc6 3. g3 f5 4. Bg2 Bb4 5. Nd5 Be7 6. e3 Nf6 7. Ne2 O-O 8. O-O {White is better.} d6 9. Nec3 Kh8 10. d3 Nxd5 11. Nxd5 Bf6 {White now steadily converts the win.} 12. Bd2 Ne7 13. Nxf6 Rxf6 14. Bc3 Qe8 15. f4 Ng6 16. Qh5 Rf8 17. Rae1 {White is much more active. The black rooks are passive.} Qf7 18. b3 c6 19. e4 exf4 20. gxf4 Bd7 21. Re3 $1 {Threatens to win with Rh3.} fxe4 {[#]} 22. f5 $1 (22. Bxe4 Bf5 $11) 22... Ne5 (22... Bxf5 23. dxe4 Qe7 (23... Qe6 $2 24. Rxf5 Rxf5 25. Qxf5 $18) 24. Rxf5) 23. Qxf7 Rxf7 24. dxe4 ({Not} 24. Bxe4 Ng4 25. Re2 Re8 $11) 24... Rf6 25. Rd1 {And now Bxe5 would win.} Re8 {[#]} 26. c5 $1 Rh6 (26... Re7 27. Rxd6) 27. Rg3 (27. cxd6 Kg8 28. Rg3 Kf8 $16) 27... d5 $2 (27... Kg8 28. Rxd6 (28. cxd6 Kf7 $18) 28... Rxd6 29. cxd6 Kf7) 28. exd5 $18 cxd5 29. Rxd5 {Weighted Error Value: White=0.04 (flawless) /Black=0.32.  Mistake:       	---       	Black=1      Inaccurate:     	---       	Black=2      OK:         	White=7     	Black=4      Best:        	White=2     	Black=1      Strong:       	White=2     	---        Brilliant:      	White=1     	---} 1-0